 Dungeon Crawl Stone Soup version 0.25-a0-110-ge29c8f2358 (webtiles) character file.

Game seed: 4779991548741015918, levelgen mode: deterministic

47 night the Magician (level 3, -3/39 HPs)
             Began as a Demonspawn Wanderer on Nov 19, 2019.
             Slain by a hound (4 damage)
             ... on level 2 of the Dungeon.
             The game lasted 00:06:31 (1935 turns).

night the Magician (Demonspawn Wanderer)            Turns: 1935, Time: 00:06:31

Health: -3/39      AC: 21    Str: 10    XL:     3   Next: 48%
Magic:  0/9        EV:  2    Int: 17    God:
Gold:   79         SH:  0    Dex: 11    Spells: 7/12 levels left

rFire    + . .     SeeInvis .   k - +1 dagger (venom)
rCold    + . .     Gourm    .   (no shield)
rNeg     + + +     Faith    .   (armour currently unavailable)
rPois    +         Spirit   +   (helmet currently unavailable)
rElec    +         Reflect  .   (cloak currently unavailable)
rCorr    +         Harm     .   (gloves currently unavailable)
MR       .....     NoTele   +   (boots currently unavailable)
Stlth    +.........             (no amulet)
HPRegen  0.13/turn              (no ring)
MPRegen  0.11/turn              (no ring)

@: tree-form, resistant, very slightly contaminated
A: magic shield
a: no special abilities


You were on level 2 of the Dungeon.
You were very hungry.
You were a tree.
You visited 1 branch of the dungeon, and saw 2 of its levels.

You collected 79 gold pieces.

Inventory:

Hand Weapons
 a - a +0 dagger
 k - a +1 dagger of venom (weapon)
Missiles
 e - 29 stones (quivered)
 g - 38 arrows
Armour
 d - a +0 robe (melded)
Scrolls
 h - 5 scrolls of identify {unknown}
 j - a scroll of magic mapping {unknown}
 l - a scroll of amnesia {unknown}
 m - a scroll of remove curse {unknown}
 o - a scroll of fog {unknown}
Comestibles
 f - 2 rations


   Skills:
 + Level 1.3 Fighting
 - Level 1.0 Throwing
 - Level 1.0 Stealth
 + Level 5.2 Spellcasting
 + Level 1.3 Conjurations
 + Level 0.7 Summonings
 + Level 1.6 Necromancy
   Level 1.7 Fire Magic


You had 7 spell levels left.
You knew the following spells:

 Your Spells              Type           Power        Failure   Level  Hunger
a - Magic Dart            Conj           #...         9%          1    None
b - Call Imp              Summ           #.......     16%         2    #......
z - Sublimation of Blood  Necr           #.........   11%         2    #......

Your spell library contained the following spells:

 Spells                   Type           Power        Failure   Level  Hunger
 Corpse Rot               Necr           N/A          11%         2    #......
 Blink                    Tloc           N/A          22%         2    #......
 Slow                     Hex            #.......     22%         2    #......
 Conjure Flame            Conj/Fire      #.......     22%         3    ###....
 Mephitic Cloud           Conj/Pois/Air  #.......     34%         3    ###....


Dungeon Overview and Level Annotations

Branches:
Dungeon (2/15)

Altars:


Innate Abilities, Weirdness & Mutations

((You have large cloven feet.))
When hurt, damage is shared between your health and your magic reserves.


Message History

The hound bites you but does no damage. The hobgoblin hits your crimson imp.
The hound bites you but does no damage.
Your crimson imp hits the hobgoblin.
The hobgoblin dies!
It was a potion of resistance.
You feel protected. The hound bites you but does no damage.
You closely miss the hound.
The hound is lightly wounded.
The hound bites you.
* * * LOW HITPOINT WARNING * * *
The hound bites you but does no damage.
You aren't carrying any items that you can evoke.
Casting: Magic Dart (safe; 9% risk of failure)
Confirm with . or Enter, or press ? or * to list all spells.
Okay, then.
You aren't carrying any potions.
As you read the scroll labeled QIACANW FEXUS, it crumbles to dust.
You feel a strange sense of stasis.
It was a scroll of teleportation.
Your crimson imp hits the hound.
The hound bites you.
You die...

##...#........####.### .....
...#.#.#......####...# ...#
#....#...........#.#.# ...
#..#.........#.#.#.#.#####.######
.................................
#.#..#.#<...####.#...#...#...#.#.
†....#....#.##...#.....5.#..>....
).##5####... #.###5#....)..#..###
####.#########..♣hg#.#...........
.................###.#.######.).#
.##..........)...# #...# #.#.#
5##..............# ##### .....
.################# ...## .# .#...
.####### ...#.# ###....# #####.#
..#..#.#


You could see a hound, a gnoll and a friendly crimson imp.

Vanquished Creatures
  2 dart slugs (D:1)
  2 leopard geckos (D:1)
  2 giant cockroaches (D:1)
  2 goblins (D:1)
  4 hobgoblins (D:1)
  4 bats
  A frilled lizard (D:1)
  6 kobolds
  3 rats (D:1)
26 creatures vanquished.

Vanquished Creatures (collateral kills)
  2 gnolls (D:2)
  A goblin (D:1)
  4 hobgoblins
7 creatures vanquished.

Grand Total: 33 creatures vanquished

Notes
Turn   | Place    | Note
-------+----------+-------------------------------------------
     0 | D:1      | night the Demonspawn Wanderer began the quest for the Orb.
     0 | D:1      | night set off with the following items: a +0 dagger, a
                  | potion of curing, a +0 robe, a ration; and the following
                  | spell memorised: Magic Dart; and the following spells
                  | available to memorise: Corpse Rot, Sublimation of Blood,
                  | Blink, Call Imp, Slow, Conjure Flame, Mephitic Cloud
     0 | D:1      | Reached XP level 1. HP: 13/13 MP: 6/6
   251 | D:1      | Gained mutation: You have large cloven feet. [demonic
                  | ancestry]
   251 | D:1      | Reached XP level 2. HP: 20/20 MP: 2/8
   470 | D:1      | Reached skill level 1 in Fighting
   470 | D:1      | Reached skill level 1 in Conjurations
   474 | D:1      | Learned a level 2 spell: Call Imp
   477 | D:1      | Learned a level 2 spell: Sublimation of Blood
  1328 | D:1      | Gained mutation: When hurt, damage is shared between your
                  | health and your magic reserves. [demonic ancestry]
  1328 | D:1      | Reached XP level 3. HP: 26/26 MP: 7/9
  1930 | D:2      | HP: 1/26 [hound (5)]
  1935 | D:2      | Slain by a hound

Levels and vault maps discovered:
D:1:      matt_arrival_spirals, layout_basic, minmay_pentomino_q4
D:2:      layout_basic, tso_oasis_becter, nicolae_overflow_crystal_walls,
          first_ration, corexii_leaking_fountain, minmay_quadrilaterals

Skill      XL: |  1  2 |
---------------+-------+-----
Fighting       | 1 |  1.3
Conjurations   | 1 |  1.3
Throwing       | |  1.0
Stealth        | |  1.0
Spellcasting   | |  5.2
Summonings     | |  0.7
Necromancy     | |  1.6
Fire Magic     | |  1.7

Action                   || total
-------------------------++-------
Melee: Dagger            ||    37
       Kick              ||     6
 Cast: Magic Dart        ||    67
       Call Imp          ||     6
  Use: Potion            ||     4
       Scroll            ||     1
 Stab: Distracted        ||     1
  Eat: Chunk             ||     2
Armor: Robe              ||     8
       Skin              ||     4
Dodge: Dodged            ||    38

Table legend:
 A = Non-vault XP
 B = Vault XP
 C = Vault XP percentage of total XP
 D = Non-vault monster count
 E = Vault monster count
 F = Vault count percentage of total count
                 A         B        C        D         E       F
            +---------+---------+-------+---------+---------+-------
      Total |      65 |       3 |   4.4 |      31 |       2 |   6.1
            +---------+---------+-------+---------+---------+-------
        D:1 |      44 |       3 |   6.4 |      24 |       2 |   7.7
        D:2 |      21 |       0 |   0.0 |       7 |       0 |   0.0
            +---------+---------+-------+---------+---------+-------
